 Dungeon Sprint DCSS version 0.31-a0-667-g39726597b9 (webtiles) character file.

Game seed: 15305366708799737441

2 sircluck the Shield-Bearer (level 1, -4/20 HPs)
             Began as a Minotaur Fighter on Sept 3, 2023.
             Slain by a human (7 damage)
             ... in the Dungeon (Sprint III: "The Ten Rune Challenge").
             The game lasted 00:00:15 (74 turns).

sircluck the Shield-Bearer (Minotaur Fighter)         Turns: 74, Time: 00:00:16

Health: -4/20      AC:  7    Str: 20    XL:     1   Next: 33%
Magic:  0/0        EV:  9    Int:  5    God:
Gold:   17         SH:  4    Dex:  9    Spells: 0/0 levels left

rFire   . . .        a - +0 long sword
rCold   . . .        c - +0 buckler
rNeg    . . .        b - +0 scale mail
rPois   .            (helmet restricted)
rElec   .            (no cloak)
rCorr   .            (no gloves)
SInv    .            (no boots)
Will    .....        (no amulet) Stlth
                     (no ring)
HPRegen 0.23/turn    (no ring)
MPRegen 0.07/turn

%: no teleportation
@: no status effects
A: horns 2, retaliatory headbutt
a: no special abilities


You were in the Dungeon.
You visited 1 branch You collected 17 gold pieces.

Inventory:

Hand Weapons
 a - a +0 long sword (weapon)
Armour
 b - a +0 scale mail (worn)
 c - a +0 buckler (worn)
Scrolls
 j - a scroll of blinking
Potions
 d - a potion of might
 e - a potion of curing
 f - a potion of heal wounds
 g - a potion of haste
 h - 2 potions of magic
 i - a potion of berserk rage


   Skills:
 + Level 4.0 Fighting
 + Level 3.0 Long Blades
 + Level 4.0 Armour
 + Level 4.0 Shields


You couldn't memorise any spells.
You didn't know any spells.
Your spell library was empty.

Dungeon Overview and Level Annotations

Branches:
Dungeon (1/1)

Altars:


Innate Abilities, Weirdness & Mutations

You have a pair of horns on your head.
You reflexively headbutt those who attack you in melee.


Message History

You hit the human.
The human is heavily wounded.
The human hits you.
You hit the human.
The human is severely wounded.
You block the human's attack.
You miss the human.
You headbutt the human, but do no damage.
The human is severely wounded.
The human hits you but does no damage. The human hits you.
You closely miss the human.
The human is severely wounded.
The human hits you but does no damage.
You hit the human.
The human is severely wounded.
The human hits you but does no damage.
You closely miss the human. Your headbutt misses the human.
The human is severely wounded.
The human hits you but does no damage.
You closely miss the human.
The human is severely wounded.
The human hits you!
* * * LOW HITPOINT WARNING * * *
The human closely misses you.
You barely miss the human.
The human is severely wounded.
The human hits you.
* * * LOW HITPOINT WARNING * * *
You closely miss the human.
The human is severely wounded.
You block the human's attack.
You closely miss the human.
The human is severely wounded.
The human closely misses you.
You completely miss the human.
The human is severely wounded.
The human hits you.
* * * LOW HITPOINT WARNING * * *
The human hits you!
You die...

▓▓▓▓▓▓▓▓▓
▓<..#...####
▓...#@p....##
▓..##...†...#
▓##.##.##...# .#
##.##.###..# ..#
▓#.####.##..# ...+
▓.###..##..##
#p..# ▓#..†..##..#
#....#
###†.##...##.....#
##..##....#......#


You could see a human.

Vanquished Creatures
  4 rats (D)
4 creatures vanquished.

Notes
Turn   | Place    | Note
-------+----------+-------------------------------------------
     0 | D        | sircluck the Minotaur Fighter began the quest for the Orb.
     0 | D        | Reached XP level 1. HP: 19/19 MP: 0/0
    74 | D        | Slain by a human

Illustrated notes

Levels and vault maps discovered:
D:        dungeon_sprint_mu [sprint_mu_entry_cave, sprint_mu_temple_rooms,
          sprint_mu_d1_horrors, sprint_mu_d2_genie, sprint_mu_d3_branching,
          sprint_mu_orc_legion, sprint_mu_elf_gauntlet, sprint_mu_hive_nellie,
          sprint_mu_lair_fedhas, sprint_mu_vaults_butterflies,
          sprint_mu_slime_circle, sprint_mu_swamp_cave, sprint_mu_snake_twists,
          sprint_mu_blade_basic, sprint_mu_crypt_chambers,
          sprint_mu_tomb_spiral, sprint_mu_vestibule_basic,
          sprint_mu_gehenna_hellfire, sprint_mu_dis_giant,
          sprint_mu_tartarus_statrot, sprint_mu_cocytus_islands, sprint_mu_zot1]

Skill      XL: |  1 |
---------------+----+-----
Fighting       | 4 |  4.0
Long Blades    | 3 |  3.0
Armour         | 4 |  4.0
Shields        | 4 |  4.0

Action                     || total
---------------------------++-------
  Melee: Long sword        ||    20
         Headbutt          ||     2
 Armour: Scale mail        ||    14
  Dodge: Dodged            ||     6
  Block: Buckler           ||     2

Table legend: (Time is in decaauts)
 A = Elapsed time spent in this place.
 B = Non-inter-level travel time spent in this place.
 C = Inter-level travel time spent in this place.
 D = Time resting spent in this place.
 E = Time spent auto-exploring this place.
 F = Levels seen in this place.
 G = Mean time per level.
                   A        B        C        D        E       F      G
               +--------+--------+--------+--------+--------+-----+--------+
         Total |     79 |     79 |      0 |      0 |     30 |   1 |   79.0 |
       Dungeon |     79 |     79 |      0 |      0 |     30 |   1 |   79.0 |
               +--------+--------+--------+--------+--------+-----+--------+

Top non-repeatable levels by time:
       D: 79 daAuts
